 Dungeon Crawl Stone Soup version 0.19.1-1-g22dce08 (webtiles) character file.

304 ponk the Covert (level 6, 0/39 HPs)
             Began as an Octopode Assassin on Jan 11, 2017.
             Slain by a jackal (2 damage)
             ... on level 4 of the Dungeon.
             The game lasted 00:10:14 (3195 turns).

ponk the Covert (Octopode Assassin)                 Turns: 3195, Time: 00:10:16

Health: 0/39       AC:  1    Str: 10    XL:     6   Next: 38%
Magic:  6/6        EV: 13    Int: 14    God:
Gold:   116        SH:  0    Dex: 15    Spells: 0 memorised, 5 levels left

rFire  . . .     SeeInvis .     j - +0 rapier
rCold  . . .     Gourm    .     (no shield)
rNeg   . . .     Faith    .     (helmet restricted)
rPois  .         Spirit   .     (no amulet)
rElec  .         Reflect  .     g - ring of resist corrosion
rCorr  +         Harm     .     (no ring)
MR     .....                    (no ring)
Stlth  +++++.....               (no ring)
                                (no ring)
                                (no ring)
                                (no ring)
                                (no ring)

@: no status effects
A: almost no armour, stealthy swim, amphibious, 8 rings, constrict 8, camouflage
1, gelatinous body 1
a: no special abilities


You were on level 4 of the Dungeon.
You were not hungry.

You visited 1 branch of the dungeon, and saw 4 of its levels.

You collected 116 gold pieces.

Inventory:

Hand Weapons
 a - a +2 dagger
 b - a +0 blowgun
 j - a +0 rapier (weapon)
Missiles
 c - 28 poisoned needles
 d - 2 curare-tipped needles
 l - 3 tomahawks (quivered)
 s - 3 exploding tomahawks
Jewellery
 g - a ring of resist corrosion (left tentacle)
Wands
 C - a wand of digging (10/24)
Scrolls
 e - 6 scrolls of remove curse
 k - a scroll of enchant armour {unknown}
 t - a scroll of fear {unknown}
 y - a scroll of magic mapping {unknown}
 z - 3 scrolls of blinking {unknown}
 A - a scroll of amnesia
Potions
 h - a potion of agility
 i - a potion of cancellation
 m - a potion of cure mutation
 n - 3 potions of flight {unknown}
 p - a potion of magic {unknown}
 q - 2 potions of lignification {unknown}
 u - a potion of brilliance {unknown}
 x - a potion of might {unknown}
 B - a potion of heal wounds
Comestibles
 f - a bread ration
 o - a royal jelly
 r - a slice of pizza
 v - 2 chunks of flesh
 w - a meat ration


   Skills:
 - Level 2.0 Fighting
 - Level 2.0 Short Blades
 - Level 2.1 Throwing
 - Level 1.0 Dodging
 + Level 10.3 Stealth


You had 5 spell levels left.
You didn't know any spells.

Dungeon Overview and Level Annotations

Branches:
Dungeon (4/15)
 Temple: D:4-7

Altars:
Sif Muna
Trog


Innate Abilities, Weirdness & Mutations

You cannot wear most types of armour.
You are very stealthy in the water. (Stealth+)
You are amphibious.
You can wear up to eight rings at the same time.
You can use your tentacles to constrict eight enemies at once.
Your skin changes colour to match your surroundings (Stealth+).
Your rubbery body absorbs attacks. (AC +1, EV +1)


Message History

You hit the gnoll.
You kill the gnoll!
The jackal barely misses you.
The gnoll hits you from afar with a spear of piercing!
An ooze comes into view.
The ooze quivers.
You puncture the jackal!
You kill the jackal!
The gnoll closely misses you.
The ooze moves out of view.
You hit the jackal. You grab the jackal.
The jackal is moderately wounded.
You constrict the jackal. The gnoll completely misses you.
The jackal barely misses you.
You hit the jackal but do no damage.
The jackal is heavily wounded.
You constrict the jackal. The jackal closely misses you.
The gnoll hits you from afar with a spear of piercing!
* * * LOW HITPOINT WARNING * * *
x2 The jackal bites you.
You die...

#.#. .# #.#. ..#
#. ... ..#... ?.
J%....
###.##.#..#
#...#g....#
#.#.#†h.....#
##$...†@.#.###.#
...............#
####.####.######
.............#
##.####...###.#
#.........#
#..#.#..###
#....#..#
#.####.##


You could see a gnoll, an ooze and a jackal.

Vanquished Creatures
  A water moccasin zombie (D:3)
  A worker ant (D:4)
  8 adders
  5 gnolls
  An ooze (D:2)
  3 worms (D:2)
  3 dart slugs
  4 leopard geckos
  3 orcs (D:3)
  10 bats
  4 giant cockroaches
  7 goblins
  10 hobgoblins
  3 jackals
  7 kobolds
  2 quokkas
  2 ball pythons (D:3)
  5 frilled lizards
  5 rats
84 creatures vanquished.

Notes
Turn   | Place    | Note
-------+----------+-------------------------------------------
     0 | D:1      | ponk the Octopode Assassin began the quest for the Orb.
     0 | D:1      | Reached XP level 1. HP: 14/14 MP: 1/1
   117 | D:1      | Reached XP level 2. HP: 17/19 MP: 2/2
   137 | D:1      | Reached skill level 6 in Stealth
   245 | D:1      | You fall through a shaft!
   265 | D:2      | Reached XP level 3. HP: 24/24 MP: 3/3
   537 | D:2      | Reached skill level 7 in Stealth
  1018 | D:2      | Reached XP level 4. HP: 29/29 MP: 4/4
  1285 | D:2      | Reached skill level 8 in Stealth
  1976 | D:2      | Reached XP level 5. HP: 34/34 MP: 5/5
  2192 | D:3      | Reached skill level 9 in Stealth
  2393 | D:3      | Reached XP level 6. HP: 39/39 MP: 6/6
  2527 | D:3      | Found a deep blue altar of Sif Muna.
  2764 | D:3      | Reached skill level 10 in Stealth
  3033 | D:4      | Found a faded altar of an unknown god.
  3033 | D:4      | Found a bloodstained altar of Trog.
  3041 | D:4      | Found a faded altar of an unknown god.
  3044 | D:4      | Found a faded altar of an unknown god.
  3046 | D:4      | Found a faded altar of an unknown god.
  3195 | D:4      | Slain by a jackal

Skill      XL: |  1  2  3  4  5  6 |
---------------+-------------------+-----
Stealth        | 6 7 8 9 10 | 10.3
Fighting       | |  2.0
Short Blades   | |  2.0
Throwing       | |  2.1
Dodging        | |  1.0

Action                   |  1- 3 |  4- 6 || total
-------------------------+-------+-------++-------
Melee: Dagger            |    58 |    45 ||   103
       Constrict         |    11 |    24 ||    35
       Tentacles         |     8 |    16 ||    24
       Rapier            |       |    60 ||    60
  Use: Potion            |     1 |       ||     1
       Scroll            |       |     6 ||     6
 Stab: Sleeping          |     7 |    28 ||    35
       Distracted        |       |     1 ||     1
  Eat: Chunk             |       |     7 ||     7
Armor: Skin              |     9 |     5 ||    14
Dodge: Dodged            |    50 |    46 ||    96
